APL (24 & UNDER)
KENOSHA KINGFISH @ ATHENS ASSASSINS
07/05/2028
 
TOP OF THE 1ST
Kenosha Kingfish batting - Pitching for Athens Assassins : RHP Júlio Lucchi
Pitching: RHP Júlio Lucchi
Batting: LHB Marvin Nichols 0-0: Ball
1-0: Foul Ball, location: 2F
1-1: Foul Ball, location: 2F
1-2: Strikes out swinging
Batting: RHB Alejandro Ramírez 0-0: Called Strike
0-1: Ball
1-1: Called Strike
1-2: Foul Ball, location: 2F
1-2: Strikes out swinging
Batting: LHB Jon Quinn 0-0: Foul Ball, location: 2F
0-1: Called Strike
0-2: Strikes out swinging
Top of the 1st over - 0 run(s), 0 hit(s), 0 error(s), 0 left on base; Kenosha 0 - Athens 0
BOTTOM OF THE 1ST
Athens Assassins batting - Pitching for Kenosha Kingfish : RHP Bob Holland
Pitching: RHP Bob Holland
Batting: RHB Júlio Castillo 0-0: Ball
1-0: Ball
2-0: Ball
3-0: Called Strike
3-1: Foul Ball, location: 2F
3-2: Strikes out looking
Batting: RHB Alfonso Flores 0-0: SINGLE (Flyball, 9S)
Batting: RHB Kiyonaga Ogawa 0-0: Called Strike
0-1: Ball
1-1: Foul Ball, location: 2F
1-2: Strikes out looking
Batting: RHB Iván Granados 0-0: Ball
1-0: Ball
2-0: Swinging Strike
2-1: SINGLE (Line Drive, 34D)
Alfonso Flores to second
Runner from 2nd tries for 3rd, SAFE, no throw
Batting: LHB Roy Woods 0-0: Ball
1-0: Ball
2-0: Called Strike
2-1: Ball
3-1: Fly out, F8 (Flyball, 78D)
Bottom of the 1st over - 0 run(s), 2 hit(s), 0 error(s), 2 left on base; Kenosha 0 - Athens 0
TOP OF THE 2ND
Kenosha Kingfish batting - Pitching for Athens Assassins : RHP Júlio Lucchi
Batting: RHB Andrés Bustamante 0-0: Ball
1-0: Swinging Strike
1-1: Ball
2-1: Ball
3-1: Base on Balls
Batting: LHB Ernesto Meléndez 0-0: Ball
1-0: Ball
2-0: Swinging Strike
2-1: Foul Ball, location: 2F
2-2: SINGLE (Line Drive, 34D)
Andrés Bustamante to second
Batting: RHB Millard Ferguson 0-0: Fly out, F9 (Flyball, 9)
Batting: RHB Juan Escalante 0-0: Ball
1-0: Ball
2-0: Foul Ball, location: 2F
2-1: Foul Ball, location: 2F
2-2: Strikes out swinging
Batting: RHB Ron Campbell 0-0: Foul Ball, location: 2F
0-1: Foul Ball, location: 2F
0-2: Strikes out swinging
Top of the 2nd over - 0 run(s), 1 hit(s), 0 error(s), 2 left on base; Kenosha 0 - Athens 0
BOTTOM OF THE 2ND
Athens Assassins batting - Pitching for Kenosha Kingfish : RHP Bob Holland
Batting: RHB Jake Erickson 0-0: Swinging Strike
0-1: Swinging Strike
0-2: Ball
1-2: Fly out, F7 (Flyball, 7S)
Batting: SHB Chris Barrett 0-0: Ball
1-0: Ball
2-0: Swinging Strike
2-1: Fly out, F6 (Flyball, 6MD)
Batting: RHB Manny Olhoa 0-0: Ball
1-0: Fly out, F8 (Flyball, 89M)
Bottom of the 2nd over - 0 run(s), 0 hit(s), 0 error(s), 0 left on base; Kenosha 0 - Athens 0
TOP OF THE 3RD
Kenosha Kingfish batting - Pitching for Athens Assassins : RHP Júlio Lucchi
Batting: RHB Doug Lutz 0-0: Foul Ball, location: 2F
0-1: Ball
1-1: Called Strike
1-2: Ball
2-2: Foul Ball, location: 2F
2-2: Foul Ball, location: 2F
2-2: Ground out 4-3 (Groundball, 4)
Batting: LHB Marvin Nichols 0-0: Ball
1-0: Ball
2-0: Foul Ball, location: 2F
2-1: Called Strike
2-2: DOUBLE (Line Drive, 7LS)
Batting: RHB Alejandro Ramírez 0-0: Foul Ball, location: 2F
0-1: Called Strike
0-2: Ball
1-2: Strikes out swinging
Batting: LHB Jon Quinn 0-0: Ball
1-0: Ball
2-0: Ball
3-0: Base on Balls
Batting: RHB Andrés Bustamante 0-0: Fly out, F7 (Flyball, 7S)
Top of the 3rd over - 0 run(s), 1 hit(s), 0 error(s), 2 left on base; Kenosha 0 - Athens 0
BOTTOM OF THE 3RD
Athens Assassins batting - Pitching for Kenosha Kingfish : RHP Bob Holland
Batting: RHB Luis López 0-0: Called Strike
0-1: SINGLE (Line Drive, 78M)
Batting: RHB Júlio Castillo 0-0: Ground out 5-3 (Groundball, 56S)
Luis López to second
Batting: RHB Alfonso Flores 0-0: Ball
1-0: Called Strike
1-1: Ball
2-1: Foul Ball, location: 2F
2-2: Ground out 6-3 (Groundball, 6M)
Luis López to third
Batting: RHB Kiyonaga Ogawa 0-0: Ball
1-0: Ball
2-0: Called Strike
2-1: Ball
3-1: Called Strike
3-2: Strikes out swinging
Bottom of the 3rd over - 0 run(s), 1 hit(s), 0 error(s), 1 left on base; Kenosha 0 - Athens 0
TOP OF THE 4TH
Kenosha Kingfish batting - Pitching for Athens Assassins : RHP Júlio Lucchi
Batting: LHB Ernesto Meléndez 0-0: Ball
1-0: Ball
2-0: Called Strike
2-1: Ball
3-1: Called Strike
3-2: Ground out U3 (Groundball, 3)
Batting: RHB Millard Ferguson 0-0: Swinging Strike
0-1: Ball
1-1: Swinging Strike
1-2: Fly out, F9 (Flyball, 9S)
Batting: RHB Juan Escalante 0-0: Fly out, F9 (Flyball, 9LMF)
Top of the 4th over - 0 run(s), 0 hit(s), 0 error(s), 0 left on base; Kenosha 0 - Athens 0
BOTTOM OF THE 4TH
Athens Assassins batting - Pitching for Kenosha Kingfish : RHP Bob Holland
Batting: RHB Iván Granados 0-0: Ball
1-0: Foul Ball, location: 2F
1-1: Swinging Strike
1-2: Foul Ball, location: 2F
1-2: Ball
2-2: Strikes out swinging
Batting: LHB Roy Woods 0-0: Ball
1-0: Foul Ball, location: 2F
1-1: Ball
2-1: SOLO HOME RUN (Flyball, 8RXD), Distance : 416 ft
Batting: RHB Jake Erickson 0-0: Ball
1-0: Ball
2-0: Called Strike
2-1: Fly out, F9 (Flyball, 9S)
Batting: SHB Chris Barrett 0-0: Ball
1-0: Called Strike
1-1: Foul Ball, location: 2F
1-2: Fly out, F5 (Popup, 5D)
Bottom of the 4th over - 1 run(s), 1 hit(s), 0 error(s), 0 left on base; Kenosha 0 - Athens 1
TOP OF THE 5TH
Kenosha Kingfish batting - Pitching for Athens Assassins : RHP Júlio Lucchi
Batting: RHB Ron Campbell 0-0: Ball
1-0: Ball
2-0: Ball
3-0: Base on Balls
Batting: RHB Doug Lutz 0-0: Called Strike
0-1: Ball
1-1: Foul Ball, location: 2F
1-2: Fly out, F8 (Line Drive, 78XD)
Batting: LHB Marvin Nichols 0-0: Called Strike
Ron Campbell steals 2nd base
0-1: Swinging Strike
0-2: Strikes out looking
Batting: RHB Alejandro Ramírez 0-0: Called Strike
0-1: Ball
1-1: Called Strike
1-2: Strikes out looking
Top of the 5th over - 0 run(s), 0 hit(s), 0 error(s), 1 left on base; Kenosha 0 - Athens 1
BOTTOM OF THE 5TH
Athens Assassins batting - Pitching for Kenosha Kingfish : RHP Bob Holland
Batting: RHB Manny Olhoa 0-0: Fly out, F8 (Flyball, 8LD)
Batting: RHB Luis López 0-0: Called Strike
0-1: Ball
1-1: Called Strike
1-2: Ground out 5-3 (Groundball, 56)
Batting: RHB Júlio Castillo 0-0: Called Strike
0-1: Fly out, F8 (Line Drive, 8LM)
Bottom of the 5th over - 0 run(s), 0 hit(s), 0 error(s), 0 left on base; Kenosha 0 - Athens 1
TOP OF THE 6TH
Kenosha Kingfish batting - Pitching for Athens Assassins : RHP Júlio Lucchi
Batting: LHB Jon Quinn 0-0: Foul Ball, location: 2F
0-1: Swinging Strike
0-2: Ball
1-2: Strikes out swinging
Batting: RHB Andrés Bustamante 0-0: Ball
1-0: Swinging Strike
1-1: Ball
2-1: Ball
3-1: Base on Balls
Pitching: RHP James Mantle
Batting: LHB Ernesto Meléndez 0-0: Called Strike
0-1: Ball
1-1: Called Strike
1-2: Foul Ball, location: 2F
1-2: Ball
2-2: Ball
3-2: SINGLE (Line Drive, 6MD)
Andrés Bustamante to second
Batting: RHB Millard Ferguson 0-0: Swinging Strike
0-1: Ball
1-1: Grounds into double play, 4-6-3 (Groundball, 4)
Top of the 6th over - 0 run(s), 1 hit(s), 0 error(s), 1 left on base; Kenosha 0 - Athens 1
BOTTOM OF THE 6TH
Athens Assassins batting - Pitching for Kenosha Kingfish : RHP Bob Holland
Batting: RHB Alfonso Flores 0-0: Bunted foul
0-1: Ball
1-1: Foul Ball, location: 2F
1-2: Strikes out swinging
Batting: RHB Kiyonaga Ogawa 0-0: Ball
1-0: Swinging Strike
1-1: Swinging Strike
1-2: Ball
2-2: Foul Ball, location: 2F
2-2: Ball
3-2: Strikes out swinging
Batting: RHB Iván Granados 0-0: Called Strike
0-1: Swinging Strike
0-2: Ball
1-2: Foul Ball, location: 2F
1-2: Foul Ball, location: 2F
1-2: SINGLE (Line Drive, 78S)
Pitching: LHP José Carlos
Batting: LHB Roy Woods 0-0: Called Strike
0-1: Ball
1-1: Ball
2-1: Ball
Iván Granados steals 2nd base
3-1: Foul Ball, location: 2F
3-2: Strikes out looking
Bottom of the 6th over - 0 run(s), 1 hit(s), 0 error(s), 1 left on base; Kenosha 0 - Athens 1
TOP OF THE 7TH
Kenosha Kingfish batting - Pitching for Athens Assassins : RHP James Mantle
Batting: RHB Juan Escalante 0-0: Ball
1-0: Called Strike
1-1: Called Strike
1-2: Strikes out looking
Batting: RHB Ron Campbell 0-0: Called Strike
0-1: Swinging Strike
0-2: Strikes out looking
Batting: RHB Doug Lutz 0-0: Foul Ball, location: 2F
0-1: Called Strike
0-2: Ball
1-2: Ball
2-2: Ball
3-2: Base on Balls
Pinch Hitting: LHB Henry Durham 0-0: Ball
1-0: Foul Ball, location: 2F
1-1: Ball
2-1: Swinging Strike
2-2: Fly out, F8 (Flyball, 8RM)
Top of the 7th over - 0 run(s), 0 hit(s), 0 error(s), 1 left on base; Kenosha 0 - Athens 1
BOTTOM OF THE 7TH
Athens Assassins batting - Pitching for Kenosha Kingfish : LHP José Carlos
Now in RF: Henry Durham
Batting: RHB Jake Erickson 0-0: Foul Ball, location: 2F
0-1: Ball
1-1: Ball
2-1: Foul Ball, location: 2F
2-2: Ball
3-2: Foul Ball, location: 2F
3-2: Foul Ball, location: 2F
3-2: Strikes out swinging
Batting: SHB Chris Barrett 0-0: Ball
1-0: Ball
2-0: Called Strike
2-1: Swinging Strike
2-2: Fly out, F8 (Flyball, 89D)
Batting: RHB Manny Olhoa 0-0: Foul Ball, location: 2F
0-1: Called Strike
0-2: Ball
1-2: Foul Ball, location: 2F
1-2: Fly out, F8 (Flyball, 8LM)
Bottom of the 7th over - 0 run(s), 0 hit(s), 0 error(s), 0 left on base; Kenosha 0 - Athens 1
TOP OF THE 8TH
Kenosha Kingfish batting - Pitching for Athens Assassins : RHP James Mantle
Pitching: RHP José Moreno
Now at 3B: Jorge Loanos
Batting: RHB Alejandro Ramírez 0-0: Called Strike
0-1: Swinging Strike
0-2: Strikes out swinging
Pitching: LHP Mario López
Batting: LHB Jon Quinn 0-0: Ball
1-0: Foul Ball, location: 2F
1-1: Ball
2-1: Foul Ball, location: 2F
2-2: Foul Ball, location: 2F
2-2: Foul Ball, location: 2F
2-2: Ball
3-2: Foul Ball, location: 2F
3-2: SINGLE (Groundball, 34S) (infield hit)
Pinch Runner at 1st Miguel Gómez:
Batting: RHB Andrés Bustamante 0-0: Ball
1-0: Grounds into double play, 1-4-3 (Groundball, 15)
Top of the 8th over - 0 run(s), 1 hit(s), 0 error(s), 0 left on base; Kenosha 0 - Athens 1
BOTTOM OF THE 8TH
Athens Assassins batting - Pitching for Kenosha Kingfish : LHP José Carlos
Now at 1B: Miguel Gómez
Batting: RHB Luis López 0-0: Called Strike
0-1: Ball
1-1: Swinging Strike
1-2: Ball
2-2: Ball
3-2: Strikes out swinging
Batting: RHB Júlio Castillo 0-0: Ground out 5-3 (Groundball, 56)
Batting: RHB Alfonso Flores 0-0: Foul Ball, location: 2F
0-1: Ball
1-1: Ball
2-1: Foul Ball, location: 2F
2-2: Ball
3-2: Foul Ball, location: 2F
3-2: Strikes out swinging
Bottom of the 8th over - 0 run(s), 0 hit(s), 0 error(s), 0 left on base; Kenosha 0 - Athens 1
TOP OF THE 9TH
Kenosha Kingfish batting - Pitching for Athens Assassins : LHP Mario López
Pitching: RHP Jimmy Banks
Batting: LHB Ernesto Meléndez 0-0: Swinging Strike
0-1: Foul Ball, location: 2F
0-2: Ball
1-2: Strikes out looking
Pinch Hitting: RHB Rubén Hernández 0-0: Foul Ball, location: 2F
0-1: Called Strike
0-2: Fly out, F7 (Flyball, 78XD)
Batting: RHB Juan Escalante 0-0: Ball
1-0: Called Strike
1-1: Ball
2-1: Swinging Strike
2-2: Foul Ball, location: 2F
2-2: Foul Ball, location: 2F
2-2: Ball
3-2: Ground out 6-3 (Groundball, 6)
Top of the 9th over - 0 run(s), 0 hit(s), 0 error(s), 0 left on base; Kenosha 0 - Athens 1
Tuesday, August 8th, 2017 - OOTP Baseball 17.12 Build 75